 Dungeon Crawl Stone Soup version 0.30.1-9-gdf580d7c3d (webtiles) character file.

Game seed: 14765965080095114764

10 KittyFluff the Trooper (level 2, 0/28 HPs)
             Began as a Gargoyle Berserker on Oct 21, 2023.
             Was a Follower of Trog.
             Slain by a quokka (3 damage)
             ... on level 2 of the Dungeon.
             The game lasted 00:01:58 (363 turns).

KittyFluff the Trooper (Gargoyle Berserker)          Turns: 363, Time: 00:01:59

Health: 0/28       AC:  7    Str: 20    XL:     2   Next: 20%
Magic:  2/2        EV: 11    Int:  7    God:    Trog [*.....]
Gold:   5          SH:  0    Dex:  9    Spells: 1/1 levels left

rFire   . . .        a - +0 mace
rCold   . . .        (no shield)
rNeg    + . .        j - +0 leather armour
rPois   ∞            (no helmet)
rElec   +            (no cloak)
rCorr   .            b - +0 pair of gloves
SInv    .            (no boots)
Will    .....        (no amulet) Stlth
                     (no ring)
HPRegen 0.24/turn    (no ring)
MPRegen 0.08/turn

%: no passive effects
@: berserking, very quick
A: sickness immunity, AC +2, negative energy resistance 1, electricity
resistance, torment resistance 1, petrification resistance
a: Renounce Religion, Berserk


You were on level 2 of the Dungeon.
You worshipped Trog.
Trog was aware of your devotion.
You visited 1 branch of the dungeon, and saw 2 of its levels.

You collected 5 gold pieces.

Inventory:

Hand Weapons
 a - a +0 mace (weapon)
 e - a +0 sling
Missiles
 h - 2 atropa-tipped darts (quivered)
Armour
 b - a +0 pair of gloves (worn)
 j - a +0 leather armour (worn)
Scrolls
 f - 2 scrolls of teleportation {unknown}
 k - a scroll of immolation {unknown}
Potions
 c - a potion of lignification {unknown}
 d - a potion of degeneration {unknown}
 g - a potion of might {unknown}
 i - a potion of curing {unknown}


   Skills:
 + Level 3.3 Fighting
 * Level 3.2 Maces & Flails
 * Level 2.5 Armour
 + Level 1.7 Dodging


You had one spell level left.
You didn't know any spells.
Your spell library was empty.

Dungeon Overview and Level Annotations

Branches:
Dungeon (1/15)

Altars:


Innate Abilities, Weirdness & Mutations

You are immune to sickness and miasma.
Your stone body is resilient. (AC +2)
You are immune to poison.
You resist negative energy. (rN+)
You are resistant to electric shocks. (rElec)
You are resistant to unholy torment.
You are immune to petrification.


Message History

You kill the kobold!
Trog accepts your kill. The quokka barely misses you.
You have reached level 2!
You barely miss the quokka. The quokka barely misses you.
A quokka comes into view.
The quokka bites you.
You sock the quokka!
You kill the quokka!
Trog accepts your kill.
You barely miss the kobold. The kobold barely misses you.
The endoplasm freezes you.
You are frozen.
The kobold hits you but does no damage.
You barely miss the kobold. The kobold barely misses you.
The endoplasm closely misses you.
You hit the kobold.
The kobold is moderately wounded.
The endoplasm freezes you.
You are frozen.
The kobold barely misses you.
You hit the kobold.
The kobold is severely wounded.
The endoplasm hits you. The kobold hits you but does no damage.
You hit the kobold.
You kill the kobold!
Trog accepts your kill. The endoplasm freezes you.
You are frozen.
The endoplasm hits you but does no damage.
You barely miss the endoplasm. The quokka completely misses you.
The quokka bites you.
* * * LOW HITPOINT WARNING * * *
The endoplasm misses you.
A red film seems to cover your vision as you go berserk!
You feel yourself moving faster!
You feel mighty! The quokka closely misses you. The endoplasm freezes you.
You are frozen.
* * * LOW HITPOINT WARNING * * *
You closely miss the quokka. The quokka bites you.
You die...

#....# #....# #....#### ####
##### ##### #........
##...##...## ##...####........
#..........###................
............#.......#.........
....(.......#.................
...........wr@....>.######.###
#...........J#......# ..#
#.........####.....## .#
#...#................. .
#......J............## ..
###.:...............#
#...................
#...................


You could see a worm, an endoplasm and a quokka.

Vanquished Creatures
  An endoplasm (D:1)
  A quokka (D:2)
  A ball python (D:2)
  3 frilled lizards (D:1)
  4 kobolds
  A rat (D:1)
11 creatures vanquished.

Notes
Turn   | Place    | Note
-------+----------+-------------------------------------------
     0 | D:1      | KittyFluff the Gargoyle Berserker began the quest for the
                  | Orb.
     0 | D:1      | Reached XP level 1. HP: 14/14 MP: 1/1
   314 | D:1      | You fall into a shaft and drop 1 floor!
   354 | D:2      | Reached XP level 2. HP: 19/19 MP: 2/2
   363 | D:2      | Slain by a quokka

Illustrated notes

Levels and vault maps discovered:
D:1:      dpeg_arrival_erosion, layout_basic, minmay_pentomino_s2
D:2:      layout_rooms, ebering_ecumenical_altar_abandoned, serial_shops,
          nicolae_shop_trees, amcnicky_mini_rare_corridor_liquid,
          kennysheep_generic_room_14, uniq_crazy_yiuf_cottage

Action                     || total
---------------------------++-------
  Melee: Mace              ||    31
 Invoke: Berserk           ||     1
 Armour: Leather armour    ||    11
         Animal skin       ||     1
  Dodge: Dodged            ||    20
